 Dungeon Crawl Stone Soup version 0.22-a0-825-ga28c36f (webtiles) character file.

43 Amnesiac the Magician (level 3, -1/24 HPs)
             Began as a Mummy Earth Elementalist on July 24, 2018.
             Slain by a river rat (5 damage)
             ... on level 3 of the Dungeon.
             The game lasted 00:01:33 (1257 turns).

Amnesiac the Magician (Mummy Earth Elementalist)    Turns: 1257, Time: 00:01:34

Health: -1/24      AC:  3    Str: 11    XL:     3   Next: 37%
Magic:  0/7        EV: 12    Int: 15    God:
Gold:   15         SH:  0    Dex: 12    Spells: 5/8 levels left

rFire    x . .     SeeInvis .   e - +1 dagger (drain)
rCold    + . .     Gourm    .   (no shield)
rNeg     + + +     Faith    .   f - +1 robe {MR+}
rPois    ∞         Spirit   .   (no helmet)
rElec    .         Reflect  .   (no cloak)
rCorr    .         Harm     .   (no gloves)
MR       +....                  (no boots)
Stlth    ++........             (no amulet)
HPRegen  0.08/turn              (no ring)
MPRegen  0.10/turn              (no ring)

@: very slightly contaminated
A: no food or potions, fire vulnerability, cold resistance 1, negative energy
resistance 3, torment resistance, unbreathing
a: no special abilities


You were on level 3 of the Dungeon.
You were not hungry.

You visited 1 branch of the dungeon, and saw 3 of its levels.

You collected 15 gold pieces.

Inventory:

Hand Weapons
 e - a +1 dagger of draining (weapon)
Missiles
 b - 26 stones (quivered)
Armour
 f - a +1 robe of magic resistance (worn)
Wands
 g - a wand of random effects (34)
Scrolls
 a - a scroll of amnesia {!r, unknown}
 c - a scroll of identify {!r, unknown}
 d - a scroll of fear {!r, unknown}


   Skills:
 - Level 1.5 Dodging
 - Level 1.5 Stealth
 + Level 3.4 Spellcasting
 - Level 0.7 Transmutations
 * Level 3.4 Earth Magic


You had 5 spell levels left.
You knew the following spells:

 Your Spells              Type           Power        Failure   Level  Hunger
a - Sandblast             Erth           ##....       4%          1    N/A
b - Passwall              Tmut/Erth      #.......     13%         2    N/A

Your spell library contained the following spells:

 Spells                   Type           Power        Failure   Level  Hunger
 Stone Arrow              Conj/Erth      #.....       28%         3    N/A
 Lee's Rapid Deconstruct  Erth           ##........   78%         5    N/A
 Petrify                  Tmut/Erth      #.......     63%         4    N/A

Dungeon Overview and Level Annotations

Branches:
Dungeon (3/15)

Altars:

Portals:
Sewer: D:3

Annotations:
D:2 Natasha


Innate Abilities, Weirdness & Mutations

You do not eat or drink.
Your flesh is vulnerable to fire.
You are immune to poison.
Your flesh is cold resistant. (rC+)
You are immune to negative energy. (rN+++)
You are immune to unholy pain and torment.
You can survive without breathing.


Message History

Casting: Sandblast (safe; 4% risk of failure)
Confirm with . or Enter, or press ? or * to list all spells.
Aiming: Sandblast (safe; 4% risk of failure)
Press: ? - help, Shift-Dir - straight line, f - river rat
Aim: a river rat The blast of sand hits the frilled lizard.
You kill the frilled lizard!
b - 31 stones
Casting: Sandblast (safe; 4% risk of failure)
Confirm with . or Enter, or press ? or * to list all spells.
Aiming: Sandblast (safe; 4% risk of failure)
Press: ? - help, Shift-Dir - straight line, f/p - river rat
Aim: a river rat The blast of sand hits the river rat.
b - 30 stones The river rat bites you.
Casting: Sandblast (safe; 4% risk of failure)
Confirm with . or Enter, or press ? or * to list all spells.
Aiming: Sandblast (safe; 4% risk of failure)
Press: ? - help, Shift-Dir - straight line, f/p - river rat
Aim: a river rat The blast of sand misses the river rat.
b - 29 stones The river rat bites you.
* * * LOW HITPOINT WARNING * * *
Casting: Sandblast (safe; 4% risk of failure)
Confirm with . or Enter, or press ? or * to list all spells.
Aiming: Sandblast (safe; 4% risk of failure)
Press: ? - help, Shift-Dir - straight line, f/p - river rat
Aim: a river rat The blast of sand hits the river rat.
The river rat is lightly wounded.
b - 28 stones The river rat closely misses you.
Casting: Sandblast (safe; 4% risk of failure)
Confirm with . or Enter, or press ? or * to list all spells.
Aiming: Sandblast (safe; 4% risk of failure)
Press: ? - help, Shift-Dir - straight line, f/p - river rat
Aim: a river rat (lightly wounded)
You miscast Sandblast.
You are very lightly contaminated with residual magic.
Nothing appears to happen.
The river rat bites you but does no damage.
Casting: Sandblast (safe; 4% risk of failure)
Confirm with . or Enter, or press ? or * to list all spells.
Aiming: Sandblast (safe; 4% risk of failure)
Press: ? - help, Shift-Dir - straight line, f/p - river rat
Aim: a river rat (lightly wounded)
The blast of sand hits the river rat.
The river rat is lightly wounded.
b - 27 stones The river rat twitches its whiskers.
The river rat bites you.
* * * LOW HITPOINT WARNING * * *
Casting: Sandblast (safe; 4% risk of failure)
Confirm with . or Enter, or press ? or * to list all spells.
Aiming: Sandblast (safe; 4% risk of failure)
Press: ? - help, Shift-Dir - straight line, f/p - river rat
Aim: a river rat (lightly wounded)
The blast of sand hits the river rat.
The river rat is severely wounded.
b - 26 stones The river rat bites you.
You die...

........)......#........#
...............#.<......#
.................########
.................#
........#####....#
........# #....#
........#####....#
##+#............#
#.########@..#
#......r#### #......r#
#.. #.......##.....
.......†........
................
................
...###.......... ###
#.)........


You could see a river rat and a rat.

Vanquished Creatures
  An adder (D:2)
  An ooze (D:1)
  An orc (D:3)
  5 giant cockroaches
  A goblin (D:1)
  3 hobgoblins
  2 jackals
  3 kobolds
  4 bats (D:1)
  A frilled lizard (D:3)
  6 rats
28 creatures vanquished.

Notes
Turn   | Place    | Note
-------+----------+-------------------------------------------
     0 | D:1      | Amnesiac the Mummy Earth Elementalist began the quest for the Orb.
     0 | D:1      | Reached XP level 1. HP: 13/13 MP: 4/4
   475 | D:1      | Reached XP level 2. HP: 19/19 MP: 6/6
   479 | D:1      | Learned a level 2 spell: Passwall
  1012 | D:2      | Noticed Natasha
  1098 | D:2      | Reached XP level 3. HP: 24/24 MP: 0/7
  1243 | D:3      | Found a glowing drain.
  1257 | D:3      | Slain by a river rat

Vault maps used:
D:1:      scummos_arrival_checkerplants
D:2:      minmay_split_cup_large, uniq_natasha
D:3:      portal_sewer_entry_a, hangedman_decor_clover_reticule

Skill      XL: |  1  2 |
---------------+-------+-----
Spellcasting   | 3 |  3.4
Earth Magic    | 3 |  3.4
Dodging        | |  1.5
Stealth        | |  1.5
Transmutations | |  0.7

Action                   || total
-------------------------++-------
Melee: Dagger            ||    44
       Short sword       ||     7
       Unarmed           ||     5
 Cast: Sandblast         ||    20
  Use: Scroll            ||     1
 Stab: Sleeping          ||     3
Armor: Robe              ||    12
Dodge: Dodged            ||    47

Table legend:
 A = Spawn XP
 B = Non-spawn XP
 C = Spawn XP percentage of total XP
 D = Spawn monster count
 E = Non-spawn monster count
 F = Spawn count percentage of total count
 G = Total turns spent on level
                    A         B        C        D         E        F      G
               +---------+---------+-------+---------+---------+-------+---------
         Total |       0 |      62 |   0.0 |       0 |      28 |   0.0 |  1257
               +---------+---------+-------+---------+---------+-------+---------
           D:1 |       0 |      28 |   0.0 |       0 |      15 |   0.0 |  1083
           D:2 |       0 |      22 |   0.0 |       0 |       6 |   0.0 |    85
           D:3 |       0 |      12 |   0.0 |       0 |       7 |   0.0 |    89
               +---------+---------+-------+---------+---------+-------+---------
